 Dungeon Crawl Stone Soup version 0.27-a0-998-g4cfe56dd59 (webtiles) character file.

Game seed: 13596026717551870778

1012 Lugonue the Covert (level 8, -11/52 HPs)
             Began as an Octopode Brigand on Apr 16, 2021.
             Was a Believer of Cheibriados.
             Mangled by a human
             ... wielding a +0 mace
              (14 damage)
             ... on level 6 of the Dungeon.
             The game lasted 00:08:10 (4798 turns).

Lugonue the Covert (Octopode Brigand)               Turns: 4798, Time: 00:08:11

Health: -11/52     AC:  5    Str: 23 (25) XL:     8   Next: 21%
Magic:  3/10       EV: 18    Int: 17 (19) God:    Cheibriados [**....]
Gold:   126        SH:  0    Dex: 17 (19) Spells: 7/7 levels left

rFire    . . .     SeeInvis .   a - +2 dagger
rCold    . . .     Faith    .   (no shield)
rNeg     . . .     Spirit   .   (helmet restricted)
rPois    .         Reflect  .   (no amulet)
rElec    .         Harm     .   g - +4 ring of evasion
rCorr    .         Rampage  .   f - +4 ring of protection
Will     .....                  q - +6 ring of strength
Stlth    ++++++....             (no ring)
HPRegen  0.17/turn              (no ring)
MPRegen  0.12/turn              (no ring)
                                (no ring)
                                (no ring)

@: mighty, flying, very slow
A: almost no armour, amphibious, 8 rings, camouflage 1, gelatinous body 1,
(nimble swimmer 1), tentacles
a: Renounce Religion, Bend Time


You were on level 6 of the Dungeon.
You worshipped Cheibriados.
Cheibriados was pleased with you.
You visited 1 branch of the dungeon, and saw 6 of its levels.

You collected 241 gold pieces.
You spent 115 gold pieces at shops.

Inventory:

Hand Weapons
 a - a +2 dagger (weapon)
 b - a +0 shortbow
Missiles
 c - 2 curare-tipped darts (quivered)
 s - 9 poisoned darts
 t - 40 arrows
Jewellery
 f - a +4 ring of protection (right tentacle)
 g - a +4 ring of evasion (left tentacle)
 q - a +6 ring of strength (on tentacle)
Scrolls
 d - a scroll of fog {unknown}
 e - 2 scrolls of enchant armour {unknown}
 h - 5 scrolls of identify {unknown}
 j - a scroll of holy word {unknown}
 l - a scroll of noise {unknown}
Potions
 m - a potion of heal wounds {unknown}
 o - a potion of might
 p - a potion of curing


   Skills:
 + Level 3.2 Fighting
 + Level 4.4 Short Blades
 + Level 0.4 Bows
 + Level 2.4 Throwing
 * Level 3.2 Dodging
 * Level 10.2 Stealth
 * Level 3.2 Invocations


You had 7 spell levels left.
You didn't know any spells.
Your spell library was empty.

Dungeon Overview and Level Annotations

Branches:
Dungeon (6/15)
 Temple: D:4-7

Altars:
Cheibriados

Shops:
D:2 :   D:4 ?


Innate Abilities, Weirdness & Mutations

You cannot wear most types of armour.
You are amphibious.
You can wear up to eight rings at the same time.
Your skin changes colour to match your surroundings (Stealth+).
Your rubbery body absorbs attacks. (AC +1, EV +1)
((You are camouflaged near water. (Stealth+)))
You have tentacles for arms and can constrict up to eight enemies at once.


Message History

You warp the flow of time around you!
It was a potion of cancellation.
You feel magically purged.
A human comes into view. It is wielding a +0 club.
The shadow imp hits you.
* * * LOW HITPOINT WARNING * * *
It was a potion of flight.
You feel very buoyant.
You fly up into the air.
The wyvern skeleton completely misses you.
The human unwields a +0 hunting sling.
The human closely misses you.
A human comes into view. It is wielding a +0 hunting sling.
The wyvern skeleton closely misses you.
The shadow imp hits you but does no damage.
It was a potion of might.
You feel very mighty all of a sudden. The human hits you but does no damage.
The wyvern skeleton completely misses you.
The shadow imp grinds its teeth.
The shadow imp hits you.
* * * LOW HITPOINT WARNING * * *
It was a potion of curing.
You feel better. The human closely misses you.
The shadow imp closely misses you. The flow of time bends around you.
Cheibriados rebukes the human.
The human seems to slow down.
Cheibriados rebukes the shadow imp.
The shadow imp seems to slow down.
The human resists with some effort.
You can no longer warp the flow of time around you.
The human completely misses you.
Okay, then.
Unknown command.
The human wields a +0 hunting sling.
The human shoots a stone.
The stone hits you!
* * * LOW HITPOINT WARNING * * *
A kobold brigand comes into view.
It is wielding a +0 short sword and quivering poisoned darts.
It was a potion of degeneration.
There was something very wrong with that liquid.
You feel weakened.
You feel dopey.
You feel clumsy. The human hits you with a +0 mace!
You die...

#####.......#
#..[........#
..###(......#
#.......#
#.......#
###.......#
#.....#####
###.....#
#....@..#
#.K.##.5pp#
..###..Z=.# .
#.....#
....p..#
....#....#
.####....#
#....# ......


You could see 3 humans, a kobold brigand (wandering), a shadow imp (slow) and a
wyvern skeleton.

Vanquished Creatures
  A water moccasin (D:6)
  3 ogres
  A centaur (D:5)
  2 water moccasin zombies (D:5)
  Crazy Yiuf (D:2)
  2 hounds
  A jelly (D:5)
  A gnoll shaman (D:6)
  An orc priest (D:3)
  A centaur skeleton (D:4)
  3 iguanas
  Jessica (D:2)
  A scorpion zombie (D:5)
  7 adders
  2 adder skeletons
  10 orcs
  4 endoplasms
  A goblin (D:4)
  7 hobgoblins
  4 jackals (D:2)
  3 quokkas
  5 ball pythons
  4 bats
  3 frilled lizards
  10 kobolds
  3 rats
82 creatures vanquished.

Notes
Turn   | Place    | Note
-------+----------+-------------------------------------------
     0 | D:1      | Lugonue the Octopode Brigand began the quest for the Orb.
     0 | D:1      | Reached XP level 1. HP: 14/14 MP: 1/1
   167 | D:1      | Found a faded altar of an unknown god.
   244 | D:1      | Reached XP level 2. HP: 19/19 MP: 2/2
   551 | D:1      | Became a worshipper of Cheibriados the Contemplative
   551 | D:1      | Reached * piety under Cheibriados
   951 | D:2      | Reached skill level 6 in Stealth
  1322 | D:2      | Reached XP level 3. HP: 24/24 MP: 3/3
  1353 | D:2      | Noticed Jessica
  1360 | D:2      | Killed Jessica
  1475 | D:2      | Reached ** piety under Cheibriados
  1526 | D:2      | Found a runed translucent door.
  1531 | D:2      | Noticed Crazy Yiuf
  1601 | D:2      | Reached XP level 4. HP: 29/29 MP: 4/4
  1665 | D:2      | Found Cejupp's Book Boutique.
  1847 | D:2      | Killed Crazy Yiuf
  1848 | D:2      | Reached skill level 7 in Stealth
  2283 | D:3      | Reached skill level 1 in Invocations
  2283 | D:3      | Reached XP level 5. HP: 31/35 MP: 5/5
  3192 | D:4      | Reached XP level 6. HP: 22/41 MP: 3/7
  3395 | D:4      | Reached skill level 8 in Stealth
  3680 | D:4      | Identified the +3 hand axe "Fiosefi" {vorpal, Int+3 SInv}
  3759 | D:4      | Found Urohaism's Magic Scroll Shoppe.
  3768 | D:4      | Bought a scroll of teleportation for 33 gold pieces
  3768 | D:4      | Bought a scroll of blinking for 82 gold pieces
  3828 | D:5      | Entered Level 5 of the Dungeon
  3991 | D:5      | Reached XP level 7. HP: 38/45 MP: 8/8
  4001 | D:5      | Reached skill level 9 in Stealth
  4372 | D:5      | Reached *** piety under Cheibriados
  4408 | D:5      | Reached XP level 8. HP: 52/52 MP: 10/10
  4576 | D:6      | Reached skill level 10 in Stealth
  4798 | D:6      | Mangled by a human

Illustrated notes

Levels and vault maps discovered:
D:1:      scummos_arrival_checkerplants, layout_basic,
          chequers_ecumenical_altar_island
D:2:      layout_basic, serial_shops, shop_statue, minmay_crystal_room,
          minmay_unequal, uniq_jessica, uniq_crazy_yiuf_cottage
D:3:      layout_basic, interstate_on_off, minmay_diced_spiral
D:4:      layout_loops_ring, serial_shops, nicolae_shop_trees
D:5:      layout_basic, minivault_26
D:6:      layout_rooms, nrook_mini_backslash, minmay_ruffians

Skill      XL: |  1  2  3  4  5  6  7  8 |
---------------+-------------------------+-----
Stealth        | 6 7 8 9 10 | 10.2
Invocations    | 1 2 3 |  3.2
Short Blades   | 3 4 |  4.4
Dodging        | 2 3 |  3.2
Fighting       | 3 |  3.2
Bows           | |  0.4
Throwing       | |  2.4

Action                   |  1- 3 |  4- 6 |  7- 9 || total
-------------------------+-------+-------+-------++-------
Melee: Dagger            |    53 |    97 |    28 ||   178
       Tentacles         |    10 |    29 |    15 ||    54
       Constrict         |    13 |    22 |     6 ||    41
 Fire: Shortbow          |       |       |     9 ||     9
Throw: Dart              |       |     5 |     5 ||    10
Invok: Bend Time         |       |     3 |     5 ||     8
       Temporal Distorti |       |       |     1 ||     1
  Use: Potion            |     1 |       |     5 ||     6
       Scroll            |       |       |     2 ||     2
 Stab: Sleeping          |    11 |    12 |     3 ||    26
       Distracted        |       |     1 |       ||     1
Armor: Skin              |     2 |     2 |     3 ||     7
Dodge: Dodged            |    40 |    61 |    23 ||   124

Table legend: (Time is in decaauts)
 A = Elapsed time spent in this place.
 B = Non-inter-level travel time spent in this place.
 C = Inter-level travel time spent in this place.
 D = Time resting spent in this place.
 E = Time spent auto-exploring this place.
 F = Levels seen in this place.
 G = Mean time per level.
                   A        B        C        D        E       F      G
               +--------+--------+--------+--------+--------+-----+--------+
         Total |   6070 |   5774 |    296 |      2 |   5029 |   6 | 1011.7 |
       Dungeon |   6070 |   5774 |    296 |      2 |   5029 |   6 | 1011.7 |
               +--------+--------+--------+--------+--------+-----+--------+

Top non-repeatable levels by time:
     D:2: 1414 daAuts
     D:3: 1254 daAuts
     D:4: 1192 daAuts
     D:1: 1006 daAuts
     D:5: 955 daAuts
     D:6: 248 daAuts
